 Dungeon Crawl Stone Soup version 0.27-a0-1188-g73eefd5def (webtiles) character file.

Game seed: 6767177677622149808

3097 davidhughjones the Covered (level 9, -10/79 HPs)
             Began as a Hill Orc Fighter on May 21, 2021.
             Was a Follower of Nemelex Xobeh.
             Mangled by an orc warrior
             ... wielding a +0 halberd
              (14 damage)
             ... on level 8 of the Dungeon.
             The game lasted 01:55:42 (10146 turns).

davidhughjones the Covered (Hill Orc Fighter)      Turns: 10146, Time: 01:55:43

Health: -10/79     AC:  7    Str: 22    XL:     9   Next: 90%
Magic:  9/9        EV: 16    Int:  8    God:    Nemelex Xobeh [*.....]
Gold:   254        SH:  0    Dex: 16    Spells: 4/8 levels left

rFire    + . .     SeeInvis .   p - +4 quarterstaff (chaos)
rCold    + . .     Faith    .   (shield currently unavailable)
rNeg     . . .     Spirit   .   O - +0 steam dragon scales
rPois    +         Reflect  .   r - +0 helmet
rElec    .         Harm     .   G - scarf {rC+ rF+}
rCorr    .         Rampage  .   d - +1 pair of gloves
Will     .....                  (no boots)
Stlth    ++........             (no amulet)
HPRegen  0.23/turn              y - +4 ring of evasion
MPRegen  0.11/turn              n - +6 ring of dexterity

@: no status effects
A: clumsy 1, deformed body, poison resistance, strong 1
a: Renounce Religion, Draw Escape, Draw Destruction, Draw Summoning


You were on level 8 of the Dungeon.
You worshipped Nemelex Xobeh.
Nemelex Xobeh was aware of your devotion.
You visited 2 branches of the dungeon, and saw 9 of its levels.

You collected 287 gold pieces.
You spent 33 gold pieces at shops.

Inventory:

Hand Weapons
 a - a +0 long sword
 k - a +0 hunting sling
 l - a +0 spear
 p - a +4 quarterstaff of chaos (weapon)
 s - a +0 dagger of speed
 t - a +1 dagger of electrocution
 A - a +0 shortbow
 C - a +0 flail of distortion
 J - a +1 flail of venom
 N - a +1 halberd of flaming
Missiles
 f - 118 arrows
 g - 11 bolts
 i - 119 stones (quivered)
 q - 14 boomerangs
 u - 4 poisoned darts
Armour
 c - a +0 kite shield
 d - a +1 pair of gloves (worn)
 m - a +1 chain mail
 r - a +0 helmet (worn)
 G - a scarf of resistance (worn)
 O - +0 steam dragon scales (worn)
Magical Staves
 w - a staff of fire
Jewellery
 b - a ring of magical power
 n - a +6 ring of dexterity (right hand)
 y - a +4 ring of evasion (left hand)
Wands
 h - a wand of polymorph (12)
 B - a wand of iceblast (2)
Scrolls
 j - a scroll of magic mapping
 o - 3 scrolls of identify
 v - a scroll of summoning
 x - 3 scrolls of teleportation
 z - a scroll of blinking {unknown}
 D - a scroll of fog {unknown}
 E - 2 scrolls of amnesia {unknown}
 H - 2 scrolls of fear {unknown}
 I - a scroll of silence {unknown}
 K - a scroll of holy word {unknown}
Potions
 e - a potion of mutation
 L - a potion of curing
 M - a potion of might


   Skills:
 + Level 7.3 Fighting
 + Level 6.2 Long Blades
 + Level 1.2(3.8) Polearms
 + Level 4.7(4.8) Staves
 + Level 1.1(2.7) Slings
 + Level 2.3 Bows
 + Level 4.0(4.1) Throwing
 + Level 7.8 Armour
 + Level 1.3 Dodging
 + Level 1.1 Stealth
 + Level 4.9 Shields
 + Level 0.7 Evocations


You had 4 spell levels left.
You knew the following spells:

 Your Spells              Type           Power      Damage    Failure   Level
a - Summon Small Mammal   Summ           0%         N/A       41%         1
b - Apportation           Tloc           0%         N/A       41%         1
c - Animate Skeleton      Necr           0%         N/A       41%         1
d - Corona                Hex            0%         N/A       41%         1

Your spell library contained the following spells:

 Spells                   Type           Power      Damage    Failure   Level


Dungeon Overview and Level Annotations

Branches:
Dungeon (8/15)             Temple (1/1) D:4
   Lair: D:8-11

Altars:
Cheibriados
Elyvilon
Fedhas
Gozag
Hepliaklqana
Kikubaaqudgha
Makhleb
Nemelex Xobeh
Okawaru
Ru
Sif Muna
Uskayaw
Vehumet
Xom
Yredelemnul
Zin

Shops:
D:2 !   D:4 :


Innate Abilities, Weirdness & Mutations

You are clumsy. (Dex -2)
Armour fits poorly on your strangely shaped body.
Your system is resistant to poisons. (rPois)
Your muscles are strong. (Str +2)


Message History

The orc misses you.
You bump into the rock wall.
The orc completely misses you. The orc misses you.
You bump into the metal wall.
The orc closely misses you.
Something hits the orc.
You hit the orc.
You kill the orc!
You hear some strange, mumbled words.
You are more confused.
The orc warrior hits you from afar with a +0 halberd!!
You barely miss something. The orc warrior barely misses you.
You bump into the rock wall.
The orc warrior completely misses you. Something hits you but does no damage.
You're too confused to move!
The orc warrior misses you. Something hits you but does no damage.
You bump into the translucent stone wall.
The orc warrior hits you from afar with a +0 halberd.
Something hits you but does no damage.
The orc warrior hits you with a +0 halberd!!
* * * LOW HITPOINT WARNING * * *
You hear some strange, mumbled words.
A magic dart appears from out of thin air!
The magic dart hits you.
* * * LOW HITPOINT WARNING * * *
Items here: ( ))) [ ††.
The orc warrior hits you but does no damage.
You hear some strange, mumbled words.
A magic dart appears from out of thin air!
The magic dart hits you.
* * * LOW HITPOINT WARNING * * *
Things that are here:
a +0 trident; a +0 ring mail; an orc corpse You feel less confused.
The orc warrior barely misses you.
You hear some strange, mumbled words.
Something tries to affect you, but you resist.
You sock the orc warrior! You burn the orc warrior.
The orc warrior is moderately wounded.
The orc warrior hits you with a +0 halberd!
You die...
Your body disappears without a glow.

# #. .()
..(.#############
..(.............#
.....)....#####.#
#...##(@){#)#9#.#
##+####.o).#[#Q#.#
#....#####.#(#l#.#
#..<.#.....#<#R#.#
##...'.....#(# #.#
#...#.....#(# #.#
#...#.....#:# #.#
#...#.....#####.#
+...#...........#


You could see an orc warrior.

Vanquished Creatures
  Joseph (D:7)
  Maggie (D:7)
  A fire bat (D:7)
  2 water moccasins
  A sky beast (D:6)
  A hornet zombie (D:6)
  A swamp drake (D:6)
  An ice beast (D:4)
  A black bear (D:4)
  A necrophage (D:5)
  3 ogres
  A centaur (D:6)
  2 phantoms (D:6)
  2 bullfrogs (D:7)
  2 water moccasin zombies (D:6)
  A water moccasin skeleton (D:5)
  A jelly (D:6)
  2 orc priests
  2 centaur skeletons
  Crazy Yiuf (D:3)
  A bullfrog skeleton (D:5)
  A gnoll shaman (D:8)
  3 hounds
  2 iguanas
  6 orc wizards
  A hound skeleton (D:5)
  3 howler monkey zombies
  8 adders
  5 gnolls
  A shadow imp (D:6)
  A white imp (D:6)
  An ufetubus (D:5)
  An adder skeleton (D:4)
  4 worms
  19 orcs
  7 endoplasms
  3 giant cockroaches
  3 goblins
  4 hobgoblins
  7 jackals
  3 quokkas (D:1)
  7 ball pythons
  7 bats
  2 frilled lizards
  6 kobolds
  3 rats
137 creatures vanquished.

Vanquished Creatures (collateral kills)
  4 gnolls
  An orc (D:8)
5 creatures vanquished.

Vanquished Creatures (others)
  A gnoll shaman (D:7)
  A gnoll (D:7)
2 creatures vanquished.

Grand Total: 144 creatures vanquished

Notes
Turn   | Place    | Note
-------+----------+-------------------------------------------
     0 | D:1      | davidhughjones the Hill Orc Fighter began the quest for the
                  | Orb.
     0 | D:1      | Reached XP level 1. HP: 19/19 MP: 1/1
   657 | D:1      | Reached XP level 2. HP: 27/27 MP: 2/2
  1274 | D:2      | Found Upninnyg's Distillery.
  1397 | D:2      | Bought a potion of flight for 33 gold pieces
  1497 | D:2      | Found a radiant altar of Vehumet.
  1526 | D:2      | Reached XP level 3. HP: 26/33 MP: 3/3
  2217 | D:3      | Found a hazy altar of Hepliaklqana.
  2312 | D:3      | Found a faded altar of an unknown god.
  2482 | D:3      | Reached skill level 1 in Slings
  2482 | D:3      | Reached XP level 4. HP: 27/40 MP: 4/4
  2490 | D:3      | Gained mutation: You are clumsy. (Dex -2) [potion of
                  | mutation]
  2490 | D:3      | Gained mutation: Armour fits poorly on your strangely
                  | shaped body. [potion of mutation]
  2490 | D:3      | Gained mutation: Your muscles are strong. (Str +2) [potion
                  | of mutation]
  2490 | D:3      | Gained mutation: Your system is resistant to poisons.
                  | (rPois) [potion of mutation]
  2498 | D:3      | HP: 2/41 [gnoll/+0 spear (4)]
  2502 | D:3      | Reached XP level 5. HP: 3/47 MP: 5/5
  2833 | D:3      | Found a runed translucent door.
  2834 | D:3      | Noticed Crazy Yiuf
  3356 | D:3      | Killed Crazy Yiuf
  3562 | D:3      | You fall into a shaft and drop 2 floors!
  3562 | D:5      | Entered Level 5 of the Dungeon
  3591 | D:5      | Reached skill level 1 in Polearms
  3598 | D:5      | Learned a level 1 spell: Summon Small Mammal
  3600 | D:5      | Learned a level 1 spell: Apportation
  3602 | D:5      | Learned a level 1 spell: Animate Skeleton
  3604 | D:5      | Learned a level 1 spell: Corona
  3620 | D:5      | Reached XP level 6. HP: 34/55 MP: 6/6
  3630 | D:5      | Reached skill level 5 in Fighting
  3816 | D:5      | Reached skill level 1 in Throwing
  4159 | D:5      | Noticed an ice beast
  4216 | D:4      | Killed an ice beast
  4217 | D:4      | Reached skill level 5 in Armour
  4217 | D:4      | Reached XP level 7. HP: 24/61 MP: 7/7
  4594 | D:4      | Found a staircase to the Ecumenical Temple.
  4701 | Temple   | Entered the Ecumenical Temple
  4943 | D:4      | Found Qeghant's Book Boutique.
  5464 | Temple   | Became a worshipper of Nemelex Xobeh the Trickster
  6354 | D:5      | Reached skill level 5 in Long Blades
  6648 | D:5      | Reached XP level 8. HP: 67/70 MP: 8/8
  7700 | D:6      | Reached skill level 1 in Bows
  7792 | D:6      | Reached skill level 1 in Staves
  8137 | D:6      | Found a shimmering blue altar of Sif Muna.
  8289 | D:6      | Reached XP level 9. HP: 34/78 MP: 9/9
  8521 | D:6      | Found a glowing silver altar of Zin.
  8738 | D:6      | Reached * piety under Nemelex Xobeh
  8841 | D:6      | Reached skill level 1 in Dodging
  9271 | D:7      | Reached skill level 1 in Stealth
  9349 | D:7      | Found a hide-covered altar of Uskayaw.
  9554 | D:7      | Noticed Joseph
  9564 | D:7      | Killed Joseph
  9760 | D:7      | Noticed Maggie
  9772 | D:7      | Killed Maggie
  9808 | D:7      | Received a gift from Nemelex Xobeh
 10099 | D:8      | Noticed a komodo dragon
 10099 | D:8      | Noticed an efreet
 10100 | D:8      | Noticed a tengu warrior
 10101 | D:8      | Noticed a gargoyle
 10144 | D:8      | HP: 3/79 [something/magic dart (2)]
 10146 | D:8      | Mangled by an orc warrior

Illustrated notes

Levels and vault maps discovered:
D:1:      lordsloth_arrival_two_stooges, layout_basic
D:2:      layout_basic, serial_shops,
          nicolae_shop_temple_entry_statues_fountains, basic_altar
D:3:      layout_rooms, trog_book, lemuel_tele_altar, gup_sewer_entry_glass,
          shapermc_ecumenical_altar_totnotflames, cheibrodos_gnoll_hut,
          uniq_crazy_yiuf_cottage
D:4:      layout_basic, minmay_temple_entry_hall, serial_shops, shop_statue,
          serial_forest, infiniplex_forest_lined_ring,
          infiniplex_forest_straight_4, infiniplex_forest_diagonal,
          infiniplex_forest_clump_curved, infiniplex_forest_clump_tiny,
          infiniplex_forest_corner_1
D:5:      layout_cave_pods
D:6:      minmay_inner_zag, layout_basic, zin_treasury, kennysheep_mini
D:7:      layout_loops_cross, nicolae_uskayaw_dance_hall, enter_bailey_2,
          uniq_maggie, uniq_joseph
D:8:      layout_gridville, chequers_temple_overflow_statue_of_worship,
          nicolae_sextant, onia_ninara_dug_in_and_dangerous,
          uniq_prince_ribbit1, uniq_maurice
Temple:   minmay_temple_bridge_abc

Skill      XL: |  1  2  3  4  5  6  7  8  9 |
---------------+----------------------------+-----
Fighting       | 4 5 6 7 |  7.3
Long Blades    | 3 5 6 |  6.2
Slings         | 1 |  1.1
Armour         | 4 5 7 |  7.8
Polearms       | 1 |  1.2
Throwing       | 1 2 4 |  4.0
Shields        | 4 |  4.9
Bows           | 1 2 |  2.3
Staves         | 2 4 |  4.7
Dodging        | 1 |  1.3
Stealth        | 1 |  1.1
Evocations     | |  0.7

Action                   |  1- 3 |  4- 6 |  7- 9 || total
-------------------------+-------+-------+-------++-------
Melee: Long sword        |   100 |   108 |   157 ||   365
       Spear             |     7 |     4 |       ||    11
       Quarterstaff      |       |       |   128 ||   128
 Fire: Hunting sling     |    26 |       |       ||    26
       Shortbow          |       |       |    16 ||    16
Throw: Boomerang         |    12 |    19 |    33 ||    64
       Dart              |       |       |    36 ||    36
       Stone             |       |       |     3 ||     3
Evoke: Wand              |       |       |     7 ||     7
  Use: Potion            |       |     4 |     3 ||     7
       Scroll            |       |     1 |     3 ||     4
 Stab: Confused          |       |       |     1 ||     1
       Distracted        |       |       |     1 ||     1
Armor: Scale mail        |    19 |       |       ||    19
       Chain mail        |    47 |    98 |   155 ||   300
       Steam dragon scal |       |       |     5 ||     5
Dodge: Dodged            |    36 |    25 |   173 ||   234
Block: Kite shield       |    55 |   108 |    82 ||   245
       Rpst.: Long sword |    13 |     6 |    14 ||    33

Table legend: (Time is in decaauts)
 A = Elapsed time spent in this place.
 B = Non-inter-level travel time spent in this place.
 C = Inter-level travel time spent in this place.
 D = Time resting spent in this place.
 E = Time spent auto-exploring this place.
 F = Levels seen in this place.
 G = Mean time per level.
                   A        B        C        D        E       F      G
               +--------+--------+--------+--------+--------+-----+--------+
         Total |  10357 |   9898 |    459 |   3368 |    123 |   9 | 1150.8 |
       Dungeon |  10107 |   9648 |    459 |   3368 |    123 |   8 | 1263.4 |
        Temple |    250 |    250 |      0 |      0 |      0 |   1 |  250.0 |
               +--------+--------+--------+--------+--------+-----+--------+

Top non-repeatable levels by time:
     D:5: 2364 daAuts
     D:6: 1659 daAuts
     D:3: 1445 daAuts
     D:1: 1277 daAuts
     D:4: 1239 daAuts
     D:7: 1106 daAuts
     D:2: 933 daAuts
  Temple: 250 daAuts
     D:8: 81 daAuts
